 Dungeon Crawl Stone Soup version 0.21-a0-442-g848f44b (webtiles) character file.

120 theanonym the Chopper (level 4, -7/39 HPs)
             Began as a Minotaur Chaos Knight on Nov 16, 2017.
             Mangled by a two-headed ogre
             ... wielding a +0 giant club
              (9 damage)
             ... on level 3 of the Dungeon.
             The game lasted 00:02:59 (1686 turns).

theanonym the Chopper (Minotaur Chaos Knight)       Turns: 1686, Time: 00:03:00

Health: -7/39      AC:  8    Str: 21    XL:     4   Next: 75%
Magic:  3/3        EV:  8    Int:  9    God:    Xom [...*..]
Gold:   72         SH:  0    Dex:  9    Spells: 3/3 levels left

rFire    . . .     SeeInvis .   a - +0 hand axe (chaos)
rCold    . . .     Gourm    .   (no shield)
rNeg     . . .     Faith    .   k - +0 chain mail
rPois    .         Spirit   .   (helmet restricted)
rElec    .         Reflect  .   (no cloak)
rCorr    .         Harm     .   (no gloves)
MR       .....     Rnd*Tele +   (no boots)
Stlth    ..........             (no amulet)
HPRegen  0.13/turn              y - +3 ring of strength
MPRegen  0.08/turn              t - ring of teleportation (curse) {+/*tele}

@: no status effects
A: retaliatory headbutt, horns 2
a: Renounce Religion


Innate Abilities, Weirdness & Mutations

You reflexively headbutt those who attack you in melee.
You have a pair of horns on your head.


   Skills:
 - Level 3.6 Fighting
 + Level 6.7 Axes
 - Level 2.4 Armour
 - Level 1.1 Dodging


You had 3 spell levels left.
You didn't know any spells.

Skill      XL: |  1  2  3 |
---------------+----------+-----
Axes           | 4 5 6 |  6.7
Fighting       | |  3.6
Armour         | |  2.4
Dodging        | |  1.1

Action                   |  1- 3 |  4- 6 || total
-------------------------+-------+-------++-------
Melee: Hand axe          |    86 |    24 ||   110
       Headbutt          |    11 |     1 ||    12
  Eat: Chunk             |     1 |     1 ||     2
Armor: Chain mail        |    48 |    10 ||    58
Dodge: Dodged            |    32 |     9 ||    41

Inventory:

Hand Weapons
 a - a +0 hand axe of chaos (weapon)
Missiles
 z - a throwing net (quivered)
 B - 3 javelins
Armour
 b - a +2 leather armour
 k - a +0 chain mail (worn)
   (You found it on level 1 of the Dungeon)
Jewellery
 r - an uncursed ring of stealth {Stlth+}
   (You found it on level 1 of the Dungeon)
 t - a cursed ring of teleportation (right hand) {+/*tele}
   (You found it on level 2 of the Dungeon)
 y - a +3 ring of strength (left hand)
   (You found it on level 2 of the Dungeon)
Scrolls
 d - a scroll of identify {unknown}
 o - 2 scrolls of recharging {unknown}
 p - 2 scrolls of teleportation {unknown}
 q - a scroll of amnesia {unknown}
 s - a scroll of random uselessness {unknown}
 v - 2 scrolls of magic mapping {unknown}
 A - a scroll of remove curse {unknown}
Potions
 e - a potion of resistance {unknown}
 f - 3 potions of degeneration {unknown}
 g - a potion of berserk rage {unknown}
 h - a potion of heal wounds {unknown}
 i - 2 potions of might {unknown}
 m - a potion of magic {unknown}
 n - 3 potions of flight {unknown}
 w - a potion of agility {unknown}
 x - a potion of mutation {unknown}
Comestibles
 c - 4 bread rations
 j - 4 meat rations
 l - 3 chunks of flesh
 u - a royal jelly

Dungeon Overview and Level Annotations

Branches:
Dungeon (3/15)

Altars:


You were on level 3 of the Dungeon.
You worshipped Xom.
You were a favourite toy of Xom.
You were not hungry.

You visited 1 branch of the dungeon, and saw 3 of its levels.

You collected 72 gold pieces.


Message History

You see here an adder skeleton. x2
You butcher the iguana corpse.
l - 12 chunks of flesh (gained 3)
You see here an iguana skeleton. x2
Some of the chunks of flesh in your inventory have rotted away.
B - 3 javelins
There is a large open door here.
n - 3 emerald potions (gained 2) Xom makes a sudden noise!
You hear a bark!
j - 4 meat rations (gained 1)
i - 2 glowing red potions (gained 1) Eating one of 11 chunks of flesh.
You eat one of the 11 chunks of flesh.
You see here a robe.
There is a large open door here.
You see here an iguana skeleton.
Some of the chunks of flesh in your inventory have rotted away.
Key pressed, stopping explore.
You open the door.
There is an open door here.
There is an open door here.
All of the chunks of flesh in your inventory have rotted away.
You now have 72 gold pieces (gained 19).
As you open the door, it creaks loudly!
Found a hunting sling.
There is an open door here.
Found a stone staircase leading up.
v - 2 scrolls labeled SULUTI ATOYRY (gained 1)
o - 2 scrolls labeled UDWEID JEOSTE (gained 1)
A kobold comes into view. It is wielding a dagger.
You hit the kobold but do no damage. Your headbutt misses the kobold.
The kobold hits you but does no damage.
You hit the kobold. You freeze the kobold. The kobold hits you with a dagger.
You take 1 damage, and have 38/39 hp.
You barely miss the kobold. Your headbutt misses the kobold.
The kobold hits you but does no damage.
Health restored: 39 Your chain mail prevents you from hitting the kobold.
Your headbutt misses the kobold. The kobold hits you but does no damage.
You barely miss the kobold. The kobold hits you with a dagger.
You take 1 damage, and have 38/39 hp.
You slash the kobold!
You kill the kobold!
Things that are here:
a dagger; 2 stones; a kobold corpse
Things that are here:
a dagger; 2 stones; a kobold corpse You open the door.
There is an open door here.
You open the door.
Found an escape hatch in the ceiling.
Health restored: 39 A hobgoblin comes into view.
The hobgoblin shouts!
A hobgoblin is nearby!
A hobgoblin is nearby!
A hobgoblin is nearby!
The hobgoblin barely misses you.
Your chain mail prevents you from hitting the hobgoblin.
The hobgoblin hits you but does no damage.
You hit the hobgoblin.
The hobgoblin hits you but does no damage.
You slash the hobgoblin! You burn the hobgoblin.
You kill the hobgoblin!
You butcher the hobgoblin corpse.
l - 3 chunks of flesh Done exploring.
Done exploring.
Done exploring.
Done exploring.
Done exploring.
There is a stone staircase leading down here.
You climb downwards.
A bat and a two-headed ogre come into view.
The two-headed ogre shouts in stereo!
There is a stone staircase leading up here.
There are monsters nearby!
You aren't carrying any items that you can evoke.
Okay, then.
Unknown command.
Okay, then.
Unknown command.
You slash the two-headed ogre!
The two-headed ogre hits you with a giant club!
The two-headed ogre hits you with a dire flail!
You take 17 damage, and have 22/39 hp.
MASSIVE DAMAGE!!
You hit the two-headed ogre. You freeze the two-headed ogre. You hit the bat.
You freeze the bat.
You kill the bat!
You hit the two-headed ogre.
You feel better.
The two-headed ogre hits you but does no damage.
The two-headed ogre barely misses you.
You regained 3 hp, and now have 25/39 hp.
You hit the two-headed ogre.
The two-headed ogre hits you with a giant club!!
Ouch! That really hurt!
* * * LOW HITPOINT WARNING * * *
Xom roars with laughter!
The two-headed ogre hits you with a dire flail!
You die...
Xom titters!

##########
#........#
#...O@...#
#....†...#
#............
...........####
###........#
#........#
##.......#
###.#####


You could see a two-headed ogre.

Notes
Turn   | Place    | Note
-------+----------+-------------------------------------------
     0 | D:1      | theanonym the Minotaur Chaos Knight began the quest for the Orb.
     0 | D:1      | Reached XP level 1. HP: 19/19 MP: 0/0
   110 | D:1      | Reached skill level 4 in Axes
   164 | D:1      | XOM: potion effect (might)
   363 | D:1      | XOM: divination: magic mapping
   403 | D:1      | Reached XP level 2. HP: 26/26 MP: 1/1
   406 | D:1      | XOM: harmless Tloc miscast
   762 | D:2      | XOM: smoke on damage
   763 | D:2      | Reached skill level 5 in Axes
   808 | D:2      | Reached XP level 3. HP: 31/31 MP: 2/2
  1044 | D:2      | XOM: smoke on damage
  1075 | D:2      | XOM: divination: detect creatures
  1162 | D:2      | Reached skill level 6 in Axes
  1162 | D:2      | Reached XP level 4. HP: 39/39 MP: 3/3
  1170 | D:2      | XOM: scenery: 2 doors open
  1179 | D:2      | HP: 18/39 [iguana (4)]
  1364 | D:2      | XOM: noise
  1682 | D:3      | Noticed a two-headed ogre
  1686 | D:3      | HP: 2/39 [two-headed ogre/giant club (23)]
  1686 | D:3      | Mangled by a two-headed ogre

Vanquished Creatures
  An iguana (D:2)
  3 adders (D:2)
  An ooze (D:2)
  2 worms (D:2)
  A dart slug (D:2)
  2 leopard geckos
  A ball python (D:2)
  11 giant cockroaches (D:2)
  8 goblins
  5 hobgoblins
  7 kobolds
  4 bats
  A jackal skeleton (D:2)
  4 rats
51 creatures vanquished.
